 Dungeon Crawl Stone Soup version 0.27-a0-1332-g84bddb5ca7 (webtiles) character file.

Game seed: 14257012162315131494

0 tilp the Caller (level 1, -2/13 HPs)
             Began as a Barachi Summoner on June 25, 2021.
             Slain by a quokka (3 damage)
             ... on level 1 of the Dungeon.
             The game lasted 00:00:16 (162 turns).

tilp the Caller (Barachi Summoner)                   Turns: 162, Time: 00:00:16

Health: -2/13      AC:  2    Str:  9    XL:     1   Next: 10%
Magic:  11/12      EV: 12    Int: 15    God:
Gold:   4          SH:  0    Dex: 12    Spells: 3/4 levels left

rFire    . . .     SeeInvis .   (no weapon)
rCold    . . .     Faith    .   (no shield)
rNeg     . . .     Spirit   .   a - +0 robe
rPois    .         Reflect  .   (no helmet)
rElec    .         Harm     .   (no cloak)
rCorr    .         Rampage  .   (no gloves)
Will     .....                  (no boots)
Stlth    ++........             (no amulet)
HPRegen  0.04/turn              b - ring of magical power
MPRegen  0.13/turn              (no ring)

@: slow
A: amphibious, slowness 1, strong legs 1, +LOS
a: Hop


You were on level 1 of the Dungeon.
You visited 1 branch of the dungeon, and saw 1 of its levels.

You collected 4 gold pieces.

Inventory:

Armour
 a - a +0 robe (worn)
Jewellery
 b - a ring of magical power (left hand)


   Skills:
 + Level 0.2 Fighting
 - Level 2.1 Dodging
 - Level 1.7 Stealth
 - Level 2.1 Spellcasting
 - Level 4.8 Summonings


You had 3 spell levels left.
You knew the following spells:

 Your Spells              Type           Power      Damage    Failure   Level
a - Summon Small Mammal   Summ           64%        N/A       3%          1

Your spell library contained the following spells:

 Spells                   Type           Power      Damage    Failure   Level
 Call Imp                 Summ           16%        N/A       4%          2
 Call Canine Familiar     Summ           16%        N/A       9%          3
 Summon Guardian Golem    Hex/Summ       8%         N/A       24%         3
 Summon Ice Beast         Ice/Summ       8%         N/A       63%         4
 Summon Lightning Spire   Summ/Air       8%         N/A       63%         4


Dungeon Overview and Level Annotations

Branches:
Dungeon (1/15)

Altars:


Innate Abilities, Weirdness & Mutations

You are amphibious.
You cover ground slowly.
You can hop short distances.
You have an extended range of vision and can be seen from far away.


Message History

You barely miss the quokka.
The quokka is lightly wounded.
Your bat barely misses the quokka.
The quokka misses you.
Your bat hits the quokka but does no damage.
The quokka barely misses you.
You closely miss the quokka.
The quokka is lightly wounded.
Your bat hits the quokka but does no damage.
The quokka barely misses you.
You barely miss the quokka.
The quokka is lightly wounded.
The quokka barely misses you.
Your magical contamination has completely faded away.
You closely miss the quokka.
The quokka is lightly wounded.
Your quokka misses the quokka. The quokka misses you.
You miss the quokka.
Your quokka closely misses the quokka.
The quokka bites you.
Your quokka completely misses the quokka.
You closely miss the quokka. The quokka bites you.
Your quokka barely misses the quokka.
The quokka completely misses you.
You hit the quokka but do no damage.
Your quokka closely misses the quokka.
The quokka barely misses you.
You hit the quokka.
The quokka is lightly wounded.
Your quokka bites the quokka.
The quokka bites you.
* * * LOW HITPOINT WARNING * * *
You hit the quokka.
The quokka is heavily wounded.
Your quokka barely misses the quokka.
The quokka closely misses you.
You barely miss the quokka.
The quokka is heavily wounded.
Your quokka barely misses the quokka.
The quokka bites you.
* * * LOW HITPOINT WARNING * * *
Your quokka barely misses the quokka.
You hit the quokka but do no damage.
The quokka is heavily wounded.
The quokka closely misses you.
Your quokka closely misses the quokka.
The quokka bites you.
You die...

#.. #.# # #..
#.# #.#..##.#
###.....#..
..♣.♣....#
........#
♣.♣.♣.♣..#
.........####.#
♣.♣.♣.@r....#
#.....r########
♣.♣....b......#
#......####.#
#...........#
+....>......#
#...........#
#........##.#
#........# #


You could see a quokka (ally target), a friendly quokka (summoned) and a
friendly bat (summoned).

Vanquished Creatures (collateral kills)
  A rat (D:1)
1 creature vanquished.

Notes
Turn   | Place    | Note
-------+----------+-------------------------------------------
     0 | D:1      | tilp the Barachi Summoner began the quest for the Orb.
     0 | D:1      | Reached XP level 1. HP: 13/13 MP: 3/3
   162 | D:1      | Slain by a quokka

Illustrated notes

Levels and vault maps discovered:
D:1:      dpeg_arrival_erosion, layout_basic, serial_forest,
          infiniplex_forest_lined_room_2, infiniplex_forest_lined_1,
          infiniplex_forest_lined_4_way, infiniplex_forest_clump_small,
          infiniplex_forest_straight_3

Action                   || total
-------------------------++-------
Melee: Unarmed           ||    12
 Cast: Summon Small Mamm ||     5
Armor: Robe              ||     1
Dodge: Dodged            ||    10

Table legend: (Time is in decaauts)
 A = Elapsed time spent in this place.
 B = Non-inter-level travel time spent in this place.
 C = Inter-level travel time spent in this place.
 D = Time resting spent in this place.
 E = Time spent auto-exploring this place.
 F = Levels seen in this place.
 G = Mean time per level.
                   A        B        C        D        E       F      G
               +--------+--------+--------+--------+--------+-----+--------+
         Total |    168 |    168 |      0 |      0 |    145 |   1 |  168.0 |
       Dungeon |    168 |    168 |      0 |      0 |    145 |   1 |  168.0 |
               +--------+--------+--------+--------+--------+-----+--------+

Top non-repeatable levels by time:
     D:1: 168 daAuts
